 Dungeon Crawl Stone Soup version 0.19-a0-607-g42021f0 (webtiles) character file.

757 Kilingo the Ducker (level 7, 0/88 HPs)
             Began as a Minotaur Berserker on June 13, 2016.
             Was a Priest of Trog.
             Killed from afar by Blork the orc (9 damage)
             ... with a puff of flame
             ... on level 3 of the Dungeon.
             The game lasted 00:25:04 (3915 turns).

Kilingo the Ducker (Minotaur Berserker)             Turns: 3915, Time: 00:25:05

Health: 0/88       AC: 10    Str: 27    XL:     7   Next: 50%
Magic:  0/6        EV: 13    Int:  6    God:    Trog [***...]
Gold:   214        SH:  0    Dex:  9    Spells: 0 memorised, 6 levels left

rFire  . . .     SeeInvis .     a - +0 mace
rCold  . . .     Gourm    .     t - +1 ring mail
rNeg   . . .     Faith    .     (no shield)
rPois  .         Spirit   +     (helmet restricted)
rElec  .         Dismiss  .     m - +2 cloak
rCorr  .         Reflect  .     (no gloves)
SustAt .         Harm     .     (no boots)
MR     .....                    x - amulet of guardian spirit
Stlth  ..........               (no ring)
                                (no ring)

@: berserking, very quick, not resistant to hostile enchantments, extremely
unstealthy
A: retaliatory headbutt, horns 2
a: Berserk, Trog's Hand, Burn Spellbooks, Renounce Religion


You were on level 3 of the Dungeon.
You worshipped Trog.
Trog was most pleased with you.
You were very hungry.

You visited 1 branch of the dungeon, and saw 5 of its levels.

You collected 214 gold pieces.

Inventory:

Hand Weapons
 a - a +0 mace (weapon)
 b - a +0 hunting sling
 F - a +5 vampiric dagger
Missiles
 u - 12 sling bullets
 C - 4 poisoned tomahawks (quivered)
Armour
 m - a +2 cloak (worn)
 t - a +1 ring mail (worn)
 J - the +1 cloak "Baenn" {rElec}
   (You found it on level 5 of the Dungeon)

   It insulates you from electricity.
Jewellery
 x - an amulet of guardian spirit (around neck)
 H - an uncursed amulet of regeneration
Scrolls
 e - a scroll of fog {unknown}
 i - 2 scrolls of teleportation
 k - 2 scrolls of remove curse {unknown}
 l - 2 scrolls of fear {unknown}
 n - 2 scrolls of blinking {unknown}
 o - 2 scrolls of amnesia {unknown}
 q - 3 scrolls of enchant armour
 v - 2 scrolls of recharging {unknown}
 y - a scroll of noise {unknown}
 A - a scroll of magic mapping {unknown}
Potions
 d - a potion of invisibility {unknown}
 f - 3 potions of curing
 g - a potion of magic {unknown}
 h - a potion of cancellation {unknown}
 j - a potion of heal wounds {unknown}
 r - a potion of degeneration {unknown}
 w - a potion of flight {unknown}
 D - a potion of mutation {unknown}
 E - 2 potions of might {unknown}
 G - a potion of cure mutation {unknown}
Comestibles
 p - a royal jelly
 s - 2 chunks of flesh
 z - a beef jerky
 B - 2 fruits
 I - a bread ration


   Skills:
 - Level 4.1 Fighting
 - Level 2.0 Short Blades
 + Level 3.9 Maces & Flails
 - Level 3.6(4.5) Slings
 - Level 3.7(4.3) Throwing
 - Level 4.5 Armour
 - Level 5.4 Dodging


You had 6 spell levels left.
You didn't know any spells.

Dungeon Overview and Level Annotations

Branches:
Dungeon (5/15)             Temple (0/1) D:5

Altars:
The Shining One

Annotations:
D:3 1 runed door, Blork the orc


Innate Abilities, Weirdness & Mutations

You reflexively headbutt those who attack you in melee.
You have a pair of horns on your head.


Message History

You hit something.
You hear a zap.
A puff of flame appears from out of thin air!
The puff of flame misses you.
You completely miss something. Something hits you!
* * * LOW HITPOINT WARNING * * *
You miss something.
You feel sick.
You are no longer poisoned.
Something hits you.
* * * LOW HITPOINT WARNING * * *
You thump something! You headbutt something!
Your skin stops crawling.
You feel less resistant to hostile enchantments.
Something hits you.
* * * LOW HITPOINT WARNING * * *
You barely miss something.
You hear some strange, mumbled words.
A puff of flame appears from out of thin air!
The puff of flame hits you!
You die...

###..#.#.##.##.........#
#..#.#.......#######.#
#..#.#.......# #.#
#..#.#.......# #.#
###..#.##......# #.#
#....#.##.#.#### #.#
#....#......# #.#
#....#####..##########.#
#..............{@).....#
......####..############
.....................#
.........##†##.......#
.........##>†........#
......########.......#
......# #.......#
####### #.......#
#.......#


There were no monsters in sight!

Vanquished Creatures
  Grinder (D:3)
  Duvessa (D:5)
  The ghost of tstbtto the Poker, an amateur CeGl (D:3)
  Dowan (D:5)
  A giant frog zombie (D:5)
  A hound (D:5)
  An orc wizard (D:3)
  3 worker ants
  5 adders
  2 oozes (D:2)
  3 worms
  2 dart slugs
  2 giant geckos
  3 orcs (D:3)
  3 giant cockroaches
  11 goblins
  5 hobgoblins
  2 jackals
  2 quokkas
  7 bats
  7 kobolds
  5 rats
69 creatures vanquished.

Vanquished Creatures (others)
  An orc wizard (D:3)
1 creature vanquished.

Grand Total: 70 creatures vanquished

Notes
Turn   | Place    | Note
--------------------------------------------------------------
     0 | D:1      | Kilingo the Minotaur Berserker began the quest for the Orb.
     0 | D:1      | Reached XP level 1. HP: 19/19 MP: 0/0
   295 | D:1      | Reached skill level 3 in Dodging
   295 | D:1      | Reached XP level 2. HP: 16/26 MP: 1/1
  1142 | D:2      | Reached XP level 3. HP: 23/31 MP: 2/2
  1248 | D:2      | Reached ** piety under Trog
  2177 | D:2      | Reached XP level 4. HP: 39/39 MP: 3/3
  2221 | D:3      | Noticed Grinder
  2324 | D:3      | Found a glowing golden altar of the Shining One.
  2337 | D:3      | Reached skill level 1 in Slings
  2383 | D:3      | Noticed tstbtto's ghost (amateur CeGl)
  2391 | D:3      | Killed tstbtto's ghost
  2391 | D:3      | Reached XP level 5. HP: 45/45 MP: 4/4
  2421 | D:3      | Found a runed door.
  2421 | D:3      | Noticed an angel
  2601 | D:3      | Reached skill level 1 in Short Blades
  3048 | D:3      | Paralysed by Grinder for 2 turns
  3059 | D:3      | Killed Grinder
  3059 | D:3      | Reached XP level 6. HP: 18/51 MP: 5/5
  3439 | D:3      | Reached *** piety under Trog
  3487 | D:3      | You fall through a shaft for 2 floors!
  3487 | D:5      | Entered Level 5 of the Dungeon
  3491 | D:5      | Noticed Duvessa
  3506 | D:5      | Noticed Dowan
  3512 | D:5      | Killed Duvessa
  3512 | D:5      | Reached skill level 4 in Dodging
  3512 | D:5      | Reached XP level 7. HP: 57/57 MP: 6/6
  3517 | D:5      | Reached skill level 5 in Dodging
  3519 | D:5      | Killed Dowan
  3700 | D:5      | Found a staircase to the Ecumenical Temple.
  3867 | D:5      | Got a bloodstained cloak
  3868 | D:5      | Identified the +1 cloak "Baenn" {rElec} (You found it on level 5 of the Dungeon)
  3883 | D:4      | Noticed Blork the orc
  3915 | D:3      | Killed from afar by Blork the orc

Vault maps used:
D:1:      moated_graveyard_arrival
D:3:      lemuel_angel_altar, uniq_grinder
D:4:      uniq_sigmund, uniq_blork_the_orc
D:5:      minmay_temple_entry_poolview, first_bread, uniq_duvessa

Skill      XL: |  1  2  3  4  5  6  7 |
---------------+----------------------+-----
Dodging        | 3 4 5 |  5.4
Armour         | 3 4 |  4.5
Slings         | 3 |  3.6
Short Blades   | 1 2 |  2.0
Throwing       | 3 |  3.7
Fighting       | 4 |  4.1
Maces & Flails | |  3.9

Action                   |  1- 3 |  4- 6 |  7- 9 || total
-------------------------+-------+-------+-------++-------
Melee: Mace              |    69 |    66 |    30 ||   165
       Headbutt          |    11 |     7 |     6 ||    24
       Dagger            |       |     1 |       ||     1
 Fire: Hunting sling     |     1 |    25 |     1 ||    27
Invok: Berserk           |     2 |     3 |     1 ||     6
       Trog's Hand       |       |       |     1 ||     1
  Use: Scroll            |     3 |     1 |     3 ||     7
       Potion            |     1 |       |       ||     1
  Eat: Bread ration      |     1 |       |       ||     1
       Chunk             |     1 |     6 |     1 ||     8
       Pizza             |       |     1 |       ||     1
Armor: Animal skin       |    13 |       |       ||    13
       Ring mail         |     3 |    36 |    12 ||    51
Dodge: Dodged            |    47 |    39 |    22 ||   108
